AoeStats
← sir8Lampard

Arena

508074100Analyzed
3v3 RM · 13d ago on Sep 20, 2026· 74m 29s· 6 players
Game mode
Random Map
Map size
Normal (6 player)
Population
200
Speed
Normal
Resources
Standard
Victory
Conquest
Starting age
Dark Age
Ending age
Imperial Age
RankedLock teamsTeams togetherTeam positionsShared explorationLock speedFull tech treeHidden civsTurbo modeCheats
Victory
Defeat
🇧🇪 Celts · Belgium
614
+13
🇺🇸 Tatars · United States
606
+13
🇹🇷 Turks · Türkiye
441
+20
🇺🇸 Armenians · United States
563
-16
🇩🇪 Chinese · Germany
541
-15
🇺🇸 Persians · United States
524
-15
ksteel.lpim
12:52 Feudal Age
17:09 Double-Bit Axe
21:43 Castle Age
22:30 Bow Saw
22:09 Town Watch
26:22 Ballistics
27:09 Murder Holes
26:39 Crossbowman
28:29 Masonry
29:37 Wheelbarrow
29:00 Pikeman
30:12 Kamandaran
32:04 Town Patrol
32:39 Thumb Ring
37:17 Imperial Age
35:14 Forging
37:44 Gold Mining
39:24 Hand Cart
41:05 Chemistry
41:53 Halberdier
42:34 Squires
41:58 Elite Skirmisher
42:54 Forging
42:37 Fletching
42:48 Padded Archer Armor
42:49 Scale Mail Armor
42:55 Scale Barding Armor
43:54 Two-Man Saw
47:25 Leather Archer Armor
52:36 Conscription
51:42 Heavy Scorpion
Draducken
0:28 Loom
10:33 Feudal Age
11:01 Double-Bit Axe
12:25 Wheelbarrow
17:37 Castle Age
15:46 Gold Mining
17:22 Stone Mining
18:36 Town Watch
19:07 Bow Saw
19:45 Hand Cart
21:36 Town Watch
22:59 Fervor
24:51 Town Patrol
25:44 Sanctity
25:30 Squires
26:29 Man-at-Arms
26:54 Gambesons
28:23 Scale Mail Armor
28:34 Forging
29:24 Gold Shaft Mining
29:05 Redemption
28:57 Devotion
30:50 Long Swordsman
31:16 Arson
30:52 Pikeman
32:36 Horse Collar
32:19 Two-Handed Swordsman
32:20 Halberdier
33:42 Atonement
33:39 Herbal Medicine
33:57 Champion
36:03 Iron Casting
35:44 Chain Mail Armor
36:57 Heresy
43:20 Fletching
43:31 Padded Archer Armor
44:19 Caravan
45:05 Bodkin Arrow
45:33 Ballistics
45:09 Murder Holes
47:28 Leather Archer Armor
47:21 Scale Barding Armor
49:30 Fortified Wall
52:03 Imperial Age
54:00 Conscription
53:49 Fereters
53:05 Elite Composite Bowman
54:34 Guilds
54:55 Coinage
55:16 Heavy Plow
55:55 Bracer
56:56 Blast Furnace
56:27 Plate Mail Armor
59:05 Ring Archer Armor
59:47 Chemistry
58:39 Elite Skirmisher
60:26 Block Printing
60:36 Illumination
60:32 Faith
60:47 Theocracy
63:47 Chain Barding Armor
65:33 Crossbowman
68:05 Banking
67:56 Arbalester
73:55 Onager
billigertheurer
11:04 Loom
12:01 Loom
13:48 Feudal Age
14:25 Loom
15:16 Wheelbarrow
17:35 Horse Collar
17:44 Double-Bit Axe
17:52 Gold Mining
17:56 Loom
18:02 Loom
19:40 Arson
21:38 Town Watch
21:50 Stone Mining
25:11 Castle Age
26:15 Heavy Plow
26:28 Bow Saw
26:38 Hand Cart
25:52 Crossbowman
25:59 Pikeman
26:40 Squires
27:56 Gold Shaft Mining
31:41 Town Patrol
32:03 Thumb Ring
33:35 Padded Archer Armor
33:26 Fletching
35:31 Stone Shaft Mining
39:42 Caravan
40:13 Coinage
42:41 Scale Mail Armor
42:52 Forging
42:37 Bodkin Arrow
42:58 Leather Archer Armor
42:44 Heated Shot
43:04 Masonry
45:32 Great Wall
48:07 Imperial Age
48:14 Imperial Age
48:35 Imperial Age
47:43 Chain Mail Armor
48:04 Iron Casting
52:14 Elite Chu Ko Nu
53:19 Conscription
52:31 Sappers
53:34 Ring Archer Armor
53:05 Bracer
54:06 Blast Furnace
53:39 Plate Mail Armor
53:06 Halberdier
54:22 Capped Ram
55:11 Arbalester
58:01 Two-Man Saw
56:48 Siege Ram
59:08 Banking
59:36 Architecture
60:41 Heavy Rocket Cart
70:35 Scale Barding Armor
70:53 Man-at-Arms
boxenoxen
0:32 Loom
12:14 Feudal Age
13:17 Double-Bit Axe
13:16 Horse Collar
19:42 Castle Age
19:44 Forging
19:26 Fletching
19:42 Scale Barding Armor
19:49 Gold Mining
19:51 Stone Mining
20:33 Scale Mail Armor
21:20 Bow Saw
21:19 Heavy Plow
24:01 Wheelbarrow
23:12 Town Watch
23:21 Elite Skirmisher
25:05 Hand Cart
27:30 Town Patrol
28:30 Iron Casting
36:27 Imperial Age
34:51 Squires
35:47 Scale Barding Armor
42:40 Conscription
42:31 Timurid Siegecraft
42:18 Pikeman
42:43 Arson
46:47 Heavy Cavalry Archer
49:53 Blast Furnace
49:13 Chain Barding Armor
48:45 Fletching
48:55 Padded Archer Armor
51:55 Timurid Siegecraft
51:45 Silk Armor
54:06 Treadmill Crane
54:37 Fortified Wall
54:33 Siege Engineers
54:38 Masonry
57:06 Plate Barding Armor
56:47 Leather Archer Armor
56:28 Bodkin Arrow
56:40 Bodkin Arrow
58:18 Murder Holes
63:30 Ring Archer Armor
64:35 Husbandry
67:13 Caravan
68:08 Guilds
69:45 Bracer
69:13 Halberdier
72:33 Onager
sir8Lampard
0:28 Loom
11:07 Feudal Age
12:34 Wheelbarrow
12:34 Double-Bit Axe
19:27 Stone Mining
19:30 Gold Mining
22:06 Castle Age
21:14 Man-at-Arms
24:52 Hand Cart
32:19 Imperial Age
32:00 Bow Saw
32:45 Pikeman
34:27 Gold Shaft Mining
34:28 Stone Shaft Mining
34:35 Murder Holes
35:30 Horse Collar
39:17 Chemistry
38:23 Siege Engineers
39:05 Halberdier
40:22 Heavy Scorpion
42:11 Ballistics
47:20 Capped Ram
48:01 Heavy Plow
48:08 Heavy Plow
51:19 Siege Ram
51:33 Siege Ram
55:19 Onager
56:42 Siege Onager
58:20 Arson
58:20 Gambesons
61:00 Elite Woad Raider
62:01 Conscription
71:26 Caravan
Han24
13:11 Feudal Age
18:07 Horse Collar
18:16 Double-Bit Axe
18:23 Gold Mining
23:36 Castle Age
22:33 Padded Archer Armor
22:32 Stone Mining
23:15 Fletching
24:37 Leather Archer Armor
24:19 Bodkin Arrow
24:27 Heavy Plow
25:41 Gold Shaft Mining
25:57 Bow Saw
28:04 Wheelbarrow
28:31 Heated Shot
29:02 Ballistics
28:55 Fortified Wall
32:57 Masonry
35:24 Imperial Age
33:10 Hand Cart
32:50 Man-at-Arms
33:30 Squires
33:16 Arson
35:39 Thumb Ring
39:16 Elite Janissary
48:11 Artillery
58:29 Caravan
59:54 Crossbowman
61:10 Ring Archer Armor
60:41 Bracer
Connection lost

Rejoining the realm…

Still unreachable

The connection could not be restored.

Session expired

The server has moved on; the page needs a fresh start.